 Dungeon Crawl Stone Soup version 0.31-a0-1206-g41278d8d1d (webtiles) character file.

Game seed: 8275334868813209925

49 ytrimaz the Trooper (level 3, 0/29 HPs)
             Began as a Demonspawn Fighter on Dec 13, 2023.
             Slain by a cerulean imp
             ... wielding a +2 spear
             ... summoned by Natasha
              (4 damage)
             ... on level 2 of the Dungeon.
             The game lasted 00:00:55 (796 turns).

ytrimaz the Trooper (Demonspawn Fighter)             Turns: 796, Time: 00:00:56

Health: 0/29       AC:  6    Str: 16    XL:     3   Next: 51%
Magic:  3/3        EV:  8    Int:  8    God:
Gold:   115        SH:  5    Dex: 14    Spells: 2/2 levels left

rFire   . . .        a - +0 war axe
rCold   . . .        c - +0 buckler
rNeg    . . .        b - +0 scale mail
rPois   .            (no helmet)
rElec   .            (no cloak)
rCorr   .            (no gloves)
SInv    .            (no boots)
Will    .....        (no amulet) Stlth
                     (no ring)
HPRegen 0.24/turn    (no ring)
MPRegen 0.08/turn

%: no passive effects
@: no status effects
A: ignite blood 1
a: no special abilities


You were on level 2 of the Dungeon.
You visited 1 branch of the dungeon, and saw 2 of its levels.

You collected 115 gold pieces.


Innate Abilities, Weirdness & Mutations

Your demonic aura sometimes causes spilled blood to erupt in flames.


   Skills:
 - Level 3.3 Fighting
 + Level 2.4 Axes
 - Level 3.0 Armour
 + Level 3.2 Shields


You had 2 spell levels left.
You didn't know any spells.
Your spell library was empty.

Inventory:

Hand Weapons
 a - a +0 war axe (weapon)
Armour
 b - a +0 scale mail (worn)
 c - a +0 buckler (worn)
Jewellery
 h - a ring of wizardry
   (You found it on level 1 of the Dungeon)
Scrolls
 f - a scroll of vulnerability {unknown}
 g - a scroll of identify {unknown}
Potions
 d - 2 potions of might
 e - 2 potions of attraction {unknown}

Dungeon Overview and Level Annotations

Branches:
Dungeon (2/15) Zot: 11174

Altars:
Makhleb

Annotations:
D:2 Natasha

#..####.......
........###..###.......
........# #...##...#...
#......###.#..#####...
#........#.##..####...
##......#.#.#..........
......55#.#.#..........
#.†hS#.#............
#..@.#.###†.........
#5.........##.......
#..........#####..##
#...#.......... ....
#....................#
#...###............ .#
..... #............
..... #............ ..
#............


You could see Natasha, 3 cerulean imps and an adder.


Message History

The hobgoblin shouts!
A hobgoblin is nearby!
Unknown command.
You slash the hobgoblin!
You kill the hobgoblin!
No target in view!
You see here a hobgoblin corpse.
Unknown command.
No target in view!
Found a burning altar of Makhleb.
Found a stone staircase leading down.
No target in view!
f - a scroll labelled NOALIY GEOGUAPUGH No target in view!
g - a scroll labelled LETEENG DEAVI Key pressed, stopping explore.
No target in view!
You see here a staff of poison.
No target in view!
A bat comes into view.
A bat is nearby!
A bat is nearby!
You slash the bat!
You kill the bat!
Found a stone staircase leading up.
No target in view!
No target in view!
e - 2 fizzy orange potions (gained 1)
You now have 115 gold pieces (gained 17).
Key pressed, stopping explore.
No target in view!
A bat comes into view.
A bat is nearby!
A bat is nearby!
You block the bat's attack.
A bat is nearby!
You slash the bat!
You kill the bat!
You see here a bat corpse.
Natasha, Servant of Life and Death comes into view.
Natasha hisses angrily.
A ball python comes into view.
Natasha extends her claws.
An adder comes into view.
The adder hisses angrily.
Natasha mewls in sadness.
You barely miss Natasha.
Natasha stares at you and mumbles some strange words.
The magic dart hits you! 😮 HP[-8]
You take 8 damage, and now have 21/29 hp.
MASSIVE DAMAGE!! (PAUSE)
You closely miss Natasha. You block Natasha's attack.
Natasha claws you but does no damage. 😕 HP[+1]
You hit Natasha. You miss the adder. The adder bites you but does no damage.
The adder barely misses you.
Natasha casts a spell.
The ball python bites you but does no damage.
The ball python grabs you. The ball python constricts you.
You hit the ball python.
You kill the ball python!
You hit Natasha. You miss the adder. The adder barely misses you.
Natasha claws you but does no damage. The adder bites you. 😮 HP[-1]
You take 1 damage, and now have 21/29 hp.
You hit Natasha. You hit the adder. The adder bites you but does no damage.
Natasha claws you.
The cerulean imp hits you but does no damage.
The adder bites you.
Natasha mumbles some strange words.
The cerulean imp hits you but does no damage. 😮 HP[-3]
You take 3 damage, and now have 18/29 hp.
You hit Natasha. You slash the adder! The adder bites you but does no damage.
Natasha casts a spell.
The cerulean imp hits you but does no damage.
You block the cerulean imp's attack. The adder barely misses you.
You are too injured to fight recklessly!
Unknown command.
You hit Natasha. You barely miss the adder. Natasha claws you.
* * * LOW HITPOINT WARNING * * *
The adder bites you but does no damage.
The cerulean imp hits you but does no damage.
The cerulean imp closely misses you. Natasha claws you.
* * * LOW HITPOINT WARNING * * *
The adder bites you but does no damage.
The cerulean imp hits you from afar with a +0 spear.
* * * LOW HITPOINT WARNING * * *
The cerulean imp hits you from afar with a +2 spear.
* * * LOW HITPOINT WARNING * * *
😱 HP[-15]
You take 15 damage, and now have 3/29 hp.
MASSIVE DAMAGE!! (PAUSE)
You barely miss Natasha. You miss the adder.
The cerulean imp completely misses you. The adder bites you but does no damage.
Natasha closely misses you. You block the cerulean imp's attack.
The cerulean imp hits you from afar with a +2 spear.
You die...

Skill      XL: |  1  2 |
---------------+-------+-----
Axes           | 2 |  2.4
Armour         | 3 |  3.0
Shields        | 3 |  3.2
Fighting       | |  3.3

Action                     || total
---------------------------++-------
  Melee: War axe           ||    65
    Use: Scroll            ||     2
 Armour: Scale mail        ||    72
  Dodge: Dodged            ||    36
  Block: Buckler           ||    20

Levels and vault maps discovered:
D:1:      ebering_hopf_link, layout_basic, minmay_vboxes
D:2:      layout_basic, serial_shops, nicolae_shop_pleasant_corner_grove,
          basic_altar, st_stairs_3, grunt_decor_clamped, uniq_natasha

Notes
Turn   | Place    | Note
-------+----------+-------------------------------------------
     0 | D:1      | ytrimaz the Demonspawn Fighter began the quest for the Orb.
     0 | D:1      | Reached XP level 1. HP: 18/18 MP: 1/1
     0 | D:1      | magus.rc [v1.9.6]
    88 | D:1      | Reached skill level 2 in Axes
    88 | D:1      | Gained mutation: Your demonic aura sometimes causes spilled
                  | blood to erupt in flames. [demonic ancestry]
    88 | D:1      | Reached XP level 2. HP: 21/24 MP: 2/2
   365 | D:1      | Reached skill level 3 in Armour
   380 | D:1      | Reached skill level 3 in Shields
   387 | D:1      | Reached XP level 3. HP: 21/29 MP: 3/3
   699 | D:2      | Found a burning altar of Makhleb.
   786 | D:2      | Noticed Natasha
   795 | D:2      | HP: 7/29 [cerulean imp/+0 spear[Natasha] (5)]
   795 | D:2      | HP: 3/29 [cerulean imp/+2 spear[Natasha] (4)]
   796 | D:2      | Slain by a cerulean imp

Vanquished Creatures
  An adder (D:2)
  2 dart slugs (D:1)
  3 endoplasms (D:1)
  4 goblins (D:1)
  2 hobgoblins
  3 kobolds
  A quokka (D:1)
  8 ball pythons
  6 bats
  A frilled lizard (D:1)
  3 rats (D:1)
34 creatures vanquished.

Table legend:
 A = Non-vault XP
 B = Vault XP
 C = Vault XP percentage of total XP
 D = Non-vault monster count
 E = Vault monster count
 F = Vault count percentage of total count
                 A         B        C        D         E       F
            +---------+---------+-------+---------+---------+-------
      Total |      61 |       9 |  12.9 |      29 |       5 |  14.7
            +---------+---------+-------+---------+---------+-------
        D:1 |      41 |       9 |  18.0 |      23 |       5 |  17.9
        D:2 |      20 |       0 |   0.0 |       6 |       0 |   0.0
            +---------+---------+-------+---------+---------+-------

Skill      XL: |  1  2 |
---------------+-------+-----
Axes           | 2 |  2.4
Armour         | 3 |  3.0
Shields        | 3 |  3.2
Fighting       | |  3.3

Action                     || total
---------------------------++-------
  Melee: War axe           ||    65
    Use: Scroll            ||     2
 Armour: Scale mail        ||    72
  Dodge: Dodged            ||    36
  Block: Buckler           ||    20

Illustrated notes

Table legend:
 A = Kills in this place as a percentage of kills in the entire game.
 B = Kills by you in this place as a percentage of kills by you in the entire game.
 C = Kills by friends in this place as a percentage of kills by friends in the entire game.
 D = Other kills in this place as a percentage of other kills in the entire game.
 E = Experience gained in this place as a percentage of experience gained in the entire game.
 F = Experience gained in this place divided by the number of levels of this place that you have seen.
                   A       B       C       D       E      F
               +-------+-------+-------+-------+-------+----------------------
         Total | 100.0 | 100.0 |   N/A |   N/A | 100.0 |  35.0
       Dungeon | 100.0 | 100.0 |   N/A |   N/A | 100.0 |  35.0
               +-------+-------+-------+-------+-------+----------------------

Table legend: (Time is in decaauts)
 A = Elapsed time spent in this place.
 B = Non-inter-level travel time spent in this place.
 C = Inter-level travel time spent in this place.
 D = Time resting spent in this place.
 E = Time spent auto-exploring this place.
 F = Levels seen in this place.
 G = Mean time per level.
                   A        B        C        D        E       F      G
               +--------+--------+--------+--------+--------+-----+--------+
         Total |    823 |    805 |     18 |      0 |    622 |   2 |  411.5 |
       Dungeon |    823 |    805 |     18 |      0 |    622 |   2 |  411.5 |
               +--------+--------+--------+--------+--------+-----+--------+

Top non-repeatable levels by time:
     D:1: 696 daAuts
     D:2: 127 daAuts
